 Dungeon Sprint DCSS version 0.30.1-4-g462c640d31 (webtiles) character file.

Game seed: 16182468589616369293

13475 LynnLen the Imperceptible (level 11, -17/51 HPs)
             Began as a Spriggan Enchanter on Aug 22, 2023.
             Was a Follower of Uskayaw.
             Demolished by a lorocyproca (24 damage)
             ... in the Dungeon (Sprint I: "Red Sonja").
             The game lasted 00:14:17 (2662 turns).

LynnLen the Imperceptible (Spriggan Enchanter)      Turns: 2662, Time: 00:14:18

Health: -17/51     AC:  7    Str:  1 (2)  XL:     11   Next: 76%
Magic:  0/30       EV: 28    Int: 17 (18) God:    Uskayaw [*.....]
Gold:   1251       SH:  0    Dex: 16 (17) Spells: 20/39 levels left

rFire   . . .        a - +3 dagger (vamp)
rCold   . . .        (no shield)
rNeg    . . .        j - +2 robe {Archmagi}
rPois   .            (helmet restricted)
rElec   .            p - +2 cloak
rCorr   .            (gloves unavailable)
SInv    +            (boots unavailable)
Will    +....        (no amulet)
Stlth   +++++++++    (no ring)
HPRegen 0.28/turn    (no ring)
MPRegen 0.22/turn

%: no teleportation, archmagi
@: on berserk cooldown, slowed, unable to read, unable to drink, quick
A: very small, no large weapons, unfitting armour, see invisible, speed 3,
clumsy 1, deformed body, deterioration 2, frail 2, shaggy fur 1, weak 1, no
potion heal 2, inability to drink after injury 1, inability to read after injury
2
a: Renounce Religion, Stomp


You were in the Dungeon.
You worshipped Uskayaw.
Uskayaw was aware of your devotion.
You visited 1 branch You collected 2392 gold pieces.
You spent 1141 gold pieces at shops.

Inventory:

Hand Weapons
 a - a +3 vampiric dagger (weapon)
Armour
 j - a +2 robe of the Archmagi (worn)
 o - the -2 hat of the Alchemist {rElec rPois rF+ rC+ rN+ Will+ rMut rCorr}
   (You bought it in a shop in the Dungeon)

   rF:        It protects you from fire.
   rC:        It protects you from cold.
   rElec:     It insulates you from electricity.
   rPois:     It protects you from poison.
   rN:        It protects you from negative energy.
   rCorr:     It protects you from acid and corrosion.
   rMut:      It protects you from mutation.
   Will:      It increases your willpower.
 p - a +2 cloak (worn)
Wands
 b - a wand of iceblast (9)
 f - a wand of light (12)
 m - a wand of paralysis (6)
Scrolls
 k - 5 scrolls of identify
Potions
 c - 2 potions of resistance
 d - 3 potions of curing
 e - 2 potions of heal wounds
 g - 2 potions of magic
Miscellaneous
 n - a phial of floods


   Skills:
 + Level 10.6 Fighting
 - Level 10.0 Short Blades
 + Level 15.9 Dodging
 * Level 23.8 Stealth
 + Level 14.6 Spellcasting
 + Level 0.0 Conjurations
 - Level 8.0 Hexes
 - Level 4.0 Ice Magic
 + Level 0.0 Earth Magic
 + Level 8.7 Invocations


You had 20 spell levels left.
You knew the following spells:

 Your Spells              Type           Power      Damage    Failure   Level
a - Ensorcelled Hibernat  Hex/Ice        98%        N/A       1%          2
b - Confusing Touch       Hex            56%        N/A       1%          3
c - Tukima's Dance        Hex            56%        N/A       1%          3
d - Stone Arrow           Conj/Erth      36%        3d9       16%         3
e - Lehudib's Crystal Sp  Conj/Erth      9%         10d4      100%        8

Your spell library contained the following spells:

 Spells                   Type           Power      Damage    Failure   Level
 Dazzling Flash           Conj/Hex       78%        N/A       3%          3
 Shock                    Conj/Air       72%        1d7       5%          1
 Swiftness                Air            18%        N/A       16%         3
 Airstrike                Air            9%         2d(2-18)  47%         4
 Animate Armour           Summ/Erth      36%        N/A       47%         4


Dungeon Overview and Level Annotations

Branches:
Dungeon (1/1)

Altars:
Cheibriados
Dithmenos
Elyvilon
Fedhas
Gozag
Hepliaklqana
Kikubaaqudgha
Makhleb
Nemelex Xobeh
Okawaru
Qazlal
Ru
Sif Muna
Trog
Uskayaw
Vehumet
Wu Jian
Xom
Yredelemnul
Zin
The Shining One
Jiyva
Lugonu

Shops:
D ?[=[[==!=[(((?[(**:[?


Innate Abilities, Weirdness & Mutations

You are very small and have problems with some larger weapons.
You are too small for most types of armour.
You have supernaturally acute eyesight. (SInv)
You cover ground extremely quickly. (Speed+++)
You are clumsy. (Dex -2)
Armour fits poorly on your strangely shaped body.
Your body often deteriorates upon taking damage.
You are very frail. (-20% HP)
You are covered in fur. (AC +1)
You are weak. (Str -2)
Potions cannot restore your health.
You occasionally lose the ability to drink potions when taking damage.
You sometimes lose the ability to read scrolls when taking damage.


Message History

You hit the lorocyproca but do no damage.
You hit the lorocyproca but do no damage.
The lorocyproca closely misses you.
You hit the lorocyproca but do no damage.
You hit the lorocyproca but do no damage.
You closely miss the lorocyproca. The lorocyproca completely misses you.
You hit the lorocyproca but do no damage.
You barely miss the lorocyproca.
You hit the lorocyproca but do no damage.
The lorocyproca closely misses you.
You hit the lorocyproca but do no damage.
You closely miss the lorocyproca. The lorocyproca closely misses you.
You barely miss the lorocyproca.
You hit the lorocyproca but do no damage.
You barely miss the lorocyproca. The lorocyproca closely misses you.
You hit the lorocyproca but do no damage.
You hit the lorocyproca but do no damage.
You closely miss the lorocyproca. The lorocyproca hits you.
You feel your power leaking away.
You barely miss the lorocyproca.
You hit the lorocyproca but do no damage.
You are no longer berserk.
You are exhausted.
You feel yourself slow down.
You hit the lorocyproca but do no damage.
The lorocyproca misses you.
You barely miss the lorocyproca. The lorocyproca completely misses you.
You hit the lorocyproca but do no damage.
The lorocyproca hits you!!
You feel threatened and lose the ability to read scrolls!
Ouch! That really hurt!
* * * LOW HITPOINT WARNING * * *
You feel your power leaking away.
You hit the lorocyproca but do no damage.
You closely miss the lorocyproca.
Your hands stop glowing.
The lorocyproca hits you but does no damage.
You closely miss the lorocyproca. The lorocyproca hits you!!
You feel threatened and lose the ability to drink potions!
You die...

#################################
.#.['..#__#..'..)#(.#§§§.'.§.§§§§
)'..#..'..'..#..@##'#§####§§..§##
'#####'#__####)..2§§#§# ##.§§###
.#...#.####§.#####§§'.#+#$###+#
##..##§#~~§§§#..##§####..$#y#.#
_##'#_§§§§~§§§..#...°.#..$###..
..'..)§#§§~§)#..#°.°)°'.2$$$##.
_##_.#'##§#####'###.°°#.§...# .#
_###'#.#.(.(###.'.#...###++## ##
####.####'###[###§#°.##


You could see a lorocyproca (invisible).

Vanquished Creatures
  A hydra (D)
  2 centaur warriors (D)
  Sonja (D)
  A deep troll (D)
  A lindwurm (D)
  An oklob plant (D)
  8 shining eyes (D)
  4 demonic crawlers (D)
  A gargoyle (D)
  2 unseen horrors (D)
  2 kobold demonologists (D)
  A hornet (D)
  Sigmund (D)
  A slime creature (D)
  A yak (D)
  13 hogs (D)
  2 redbacks (D)
  7 floating eyes (D)
  An ogre (D)
  7 necrophages (D)
  8 jellies (D)
  Ijyb (D)
  A ballistomycete spore (D)
68 creatures vanquished.

Vanquished Creatures (others)
  A ballistomycete spore (D)
1 creature vanquished.

Grand Total: 69 creatures vanquished

Notes
Turn   | Place    | Note
-------+----------+-------------------------------------------
     0 | D        | LynnLen the Spriggan Enchanter began the quest for the Orb.
     0 | D        | Reached XP level 1. HP: 9/9 MP: 5/5
     3 | D        | Noticed Ijyb
    12 | D        | Killed Ijyb
    13 | D        | Reached skill level 1 in Fighting
    13 | D        | Reached skill level 5 in Stealth
    13 | D        | Reached skill level 5 in Hexes
    13 | D        | Reached XP level 2. HP: 12/14 MP: 5/7
    13 | D        | Reached XP level 3. HP: 15/18 MP: 6/9
    16 | D        | Noticed an ogre
    19 | D        | Killed an ogre
    20 | D        | Reached skill level 5 in Short Blades
    20 | D        | Reached skill level 5 in Dodging
    20 | D        | Reached skill level 6 in Stealth
    20 | D        | Reached XP level 4. HP: 21/23 MP: 6/11
    23 | D        | Learned a level 2 spell: Ensorcelled Hibernation
    27 | D        | Learned a level 3 spell: Confusing Touch
    31 | D        | Learned a level 3 spell: Tukima's Dance
    32 | D        | Noticed Sigmund
    35 | D        | Killed Sigmund
    36 | D        | Reached skill level 8 in Stealth
    36 | D        | Reached skill level 5 in Spellcasting
    36 | D        | Reached XP level 5. HP: 29/29 MP: 8/14
    36 | D        | Reached XP level 6. HP: 33/33 MP: 8/15
   108 | D        | Found an ornate altar of the Wu Jian Council.
   108 | D        | Found a shimmering blue altar of Sif Muna.
   110 | D        | Found a radiant altar of Vehumet.
   143 | D        | Found Hiutsilym's Armour Emporium.
   143 | D        | Found an ancient bone altar of Kikubaaqudgha.
   143 | D        | Found a hazy altar of Hepliaklqana.
   143 | D        | Found a stormy altar of Qazlal.
   143 | D        | Found a hide-covered altar of Uskayaw.
   143 | D        | Found a blossoming altar of Fedhas.
   143 | D        | Found a bloodstained altar of Trog.
   143 | D        | Found an iron altar of Okawaru.
   143 | D        | Found a basalt altar of Yredelemnul.
   143 | D        | Found a glowing golden altar of the Shining One.
   143 | D        | Found a snail-covered altar of Cheibriados.
   143 | D        | Found a sacrificial altar of Ru.
   143 | D        | Found a glowing silver altar of Zin.
   143 | D        | Found a shadowy altar of Dithmenos.
   143 | D        | Found a white marble altar of Elyvilon.
   143 | D        | Noticed a yak
   144 | D        | Found an opulent altar of Gozag.
   145 | D        | Killed a yak
   146 | D        | Reached skill level 9 in Stealth
   146 | D        | Found a sparkling altar of Nemelex Xobeh.
   151 | D        | Became a worshipper of Uskayaw the Reveller
   157 | D        | Noticed Sonja
   164 | D        | Killed Sonja
   164 | D        | Reached * piety under Uskayaw
   165 | D        | Reached skill level 5 in Fighting
   165 | D        | Reached skill level 10 in Short Blades
   165 | D        | Reached skill level 11 in Stealth
   165 | D        | Reached XP level 7. HP: 39/39 MP: 13/20
   181 | D        | Noticed a deep troll
   187 | D        | Killed a deep troll
   187 | D        | Reached ** piety under Uskayaw
   188 | D        | Reached skill level 10 in Dodging
   188 | D        | Reached skill level 13 in Stealth
   188 | D        | Reached XP level 8. HP: 45/45 MP: 11/22
   200 | D        | Found Gyargh's Armour Emporium.
   314 | D        | Found Voxewk's Magic Scroll Boutique.
   322 | D        | Bought a scroll of identify for 26 gold pieces
   385 | D        | Found a burning altar of Makhleb.
   385 | D        | Found a viscous altar of Jiyva.
   385 | D        | Found a shimmering altar of Xom.
   385 | D        | Found a corrupted altar of Lugonu.
   385 | D        | Noticed a slime creature
   388 | D        | Killed a slime creature
   411 | D        | Noticed a centaur warrior
   412 | D        | Noticed a centaur warrior
   417 | D        | Killed a centaur warrior
   418 | D        | Reached skill level 15 in Stealth
   418 | D        | Reached skill level 10 in Spellcasting
   418 | D        | Reached XP level 9. HP: 47/50 MP: 20/24
   422 | D        | Killed a centaur warrior
   422 | D        | Reached *** piety under Uskayaw
   423 | D        | Reached skill level 16 in Stealth
   457 | D        | Reached skill level 1 in Invocations
   469 | D        | Noticed an oklob plant
   471 | D        | Killed an oklob plant
   472 | D        | Reached skill level 17 in Stealth
   512 | D        | Noticed an unseen horror
   514 | D        | Noticed an unseen horror
   533 | D        | Reached XP level 10. HP: 34/56 MP: 23/26
   615 | D        | Reached skill level 18 in Stealth
   698 | D        | Found Noypp's Distillery.
   699 | D        | Found Oluchuar's Jewellery Boutique.
   771 | D        | Reached skill level 19 in Stealth
   792 | D        | Found Cummolu's Jewellery Shop.
   794 | D        | Found Yhienn's Antique Armour Emporium.
   794 | D        | Found Ureyng's Weapon Shop.
   794 | D        | Found Tagivvau's Weapon Shoppe.
   794 | D        | Found Atwaehiu's Weapon Boutique.
   794 | D        | Found Toylaf's Magic Scroll Emporium.
   794 | D        | Found Heuhev's Armour Shop.
   794 | D        | Found Kamuan's Weapon Shoppe.
   796 | D        | Found Zaihiff's General Store.
   797 | D        | Found Wuheasiu's Book Emporium.
   797 | D        | Found Taplitha's General Store.
   798 | D        | Found Qoecki's Magic Scroll Emporium.
   898 | D        | Noticed a shining eye
   898 | D        | Noticed a shining eye
   898 | D        | Noticed a shining eye
   898 | D        | Noticed a shining eye
   898 | D        | Noticed a shining eye
   898 | D        | Noticed a shining eye
   902 | D        | Gained mutation: Your body sometimes deteriorates upon
                  | taking damage. [a shining eye]
   905 | D        | Gained mutation: You have hidden genetic defects. [a
                  | shining eye]
   918 | D        | Paralysed by a floating eye for 4 turns
   941 | D        | Killed a shining eye
   942 | D        | Reached skill level 5 in Invocations
  1067 | D        | Noticed a shining eye
  1067 | D        | Noticed a shining eye
  1068 | D        | Killed a shining eye
  1086 | D        | Gained mutation: You occasionally lose the ability to read
                  | scrolls when taking damage. [hidden defects]
  1095 | D        | Killed a shining eye
  1096 | D        | Reached skill level 20 in Stealth
  1097 | D        | Gained mutation: You are covered in fur. (AC +1) [a shining
                  | eye]
  1109 | D        | Gained mutation: You are dopey. (Int -2) [a shining eye]
  1112 | D        | Gained mutation: You occasionally lose the ability to drink
                  | potions when taking damage. [a shining eye]
  1117 | D        | Gained mutation: You are frail. (-10% HP) [a shining eye]
  1128 | D        | Killed a shining eye
  1139 | D        | Killed a shining eye
  1139 | D        | Gained mutation: You are clumsy. (Dex -2) [a shining eye]
  1140 | D        | Gained mutation: Potions are less effective at restoring
                  | your health. [hidden defects]
  1140 | D        | Lost mutation: You have hidden genetic defects. [hidden
                  | defects expressed]
  1146 | D        | Gained mutation: You have hidden genetic defects. [a
                  | shining eye]
  1150 | D        | Gained mutation: Your body often deteriorates upon taking
                  | damage. [a shining eye]
  1161 | D        | Gained mutation: Potions cannot restore your health. [a
                  | shining eye]
  1179 | D        | Killed a shining eye
  1180 | D        | Reached skill level 21 in Stealth
  1180 | D        | Gained mutation: You sometimes lose the ability to read
                  | scrolls when taking damage. [a shining eye]
  1196 | D        | Gained mutation: Armour fits poorly on your strangely
                  | shaped body. [a shining eye]
  1199 | D        | Gained mutation: You sometimes lose your temper in combat.
                  | [a shining eye]
  1210 | D        | Killed a shining eye
  1211 | D        | Reached XP level 11. HP: 55/55 MP: 25/29
  1245 | D        | Gained mutation: You are very frail. (-20% HP) [a shining
                  | eye]
  1269 | D        | Killed a shining eye
  1281 | D        | Gained mutation: You are vulnerable to cold. (rC-) [hidden
                  | defects]
  1286 | D        | Found Liwuen's Armour Shoppe.
  1286 | D        | Found Jagg's Jewellery Boutique.
  1286 | D        | Found Reepoa Dirgh's Jewellery Emporium.
  1287 | D        | Found Mat Raid's Armour Shop.
  1341 | D        | Bought the -2 hat of the Alchemist {rElec rPois rF+ rC+ rN+
                  | Will+ rMut rCorr} for 566 gold pieces
  1341 | D        | Found the -2 hat of the Alchemist {rElec rPois rF+ rC+ rN+
                  | Will+ rMut rCorr}
  1409 | D        | Bought a potion of mutation for 96 gold pieces
  1414 | D        | Lost mutation: You are dopey. (Int -2) [potion of mutation]
  1414 | D        | Lost mutation: You sometimes lose your temper in combat.
                  | [potion of mutation]
  1414 | D        | Lost mutation: You are vulnerable to cold. (rC-) [potion of
                  | mutation]
  1438 | D        | Bought a scroll of identify for 22 gold pieces
  1438 | D        | Bought a scroll of identify for 22 gold pieces
  1438 | D        | Bought a scroll of identify for 22 gold pieces
  1438 | D        | Bought a scroll of identify for 22 gold pieces
  1438 | D        | Bought a scroll of identify for 22 gold pieces
  1438 | D        | Bought a scroll of identify for 22 gold pieces
  1507 | D        | Bought a +0 cloak for 45 gold pieces
  1561 | D        | Bought a scroll of enchant armour for 82 gold pieces
  1622 | D        | Bought a scroll of enchant weapon for 97 gold pieces
  1622 | D        | Bought a scroll of enchant weapon for 97 gold pieces
  1691 | D        | Reached **** piety under Uskayaw
  1692 | D        | Reached skill level 22 in Stealth
  1693 | D        | Reached skill level 10 in Fighting
  1693 | D        | Reached skill level 15 in Dodging
  1693 | D        | Reached ***** piety under Uskayaw
  1709 | D        | Noticed a lindwurm
  1713 | D        | Killed a lindwurm
  1718 | D        | Gained mutation: You are weak. (Str -2) [hidden defects]
  1718 | D        | Lost mutation: You have hidden genetic defects. [hidden
                  | defects expressed]
  1738 | D        | Reached skill level 23 in Stealth
  1765 | D        | Reached ****** piety under Uskayaw
  2041 | D        | Noticed a 12-headed hydra
  2043 | D        | Killed a 12-headed hydra
  2075 | D        | Noticed a deep elf annihilator
  2084 | D        | Lost strength.
  2319 | D        | Noticed a lorocyproca
  2577 | D        | Learned a level 3 spell: Stone Arrow
  2600 | D        | Learned a level 8 spell: Lehudib's Crystal Spear
  2662 | D        | Demolished by a lorocyproca

Illustrated notes

Levels and vault maps discovered:
D:        dungeon_sprint_1 [red_sonja_temple_1, red_sonja_temple_small_1]

Skill      XL: |  1  2  3  4  5  6  7  8  9 10 11 |
---------------+----------------------------------+-----
Fighting       | 1 2 3 5 6 7 8 9 10 | 10.6
Short Blades   | 3 5 6 10 | 10.0
Dodging        | 3 5 6 9 10 11 12 14 15 | 15.9
Stealth        | 5 6 8 11 13 15 17 21 23 | 23.8
Spellcasting   | 3 4 5 8 9 10 11 13 14 | 14.6
Hexes          | 5 6 8 |  8.0
Ice Magic      | 2 3 4 |  4.0
Invocations    | 3 6 8 |  8.7

Action                     |  1- 3 |  4- 6 |  7- 9 | 10-12 || total
---------------------------+-------+-------+-------+-------++-------
  Melee: Dagger            |     8 |     5 |    18 |   321 ||   352
         Punch             |       |       |     1 |     8 ||     9
   Cast: Ensorcelled Hiber |       |     3 |     6 |     7 ||    16
         Confusing Touch   |       |       |       |    18 ||    18
    Use: Potion            |     2 |       |     1 |     2 ||     5
         Scroll            |       |       |       |     8 ||     8
   Stab: Invisible         |     2 |       |       |       ||     2
         Sleeping          |     2 |     4 |    13 |    20 ||    39
         Confused          |       |       |       |    19 ||    19
         Paralysed         |       |       |       |     6 ||     6
 Armour: Robe              |       |       |     2 |     8 ||    10
  Dodge: Dodged            |     3 |     2 |    12 |    99 ||   116
